 Dungeon Crawl Stone Soup version 0.30.1-11-g7821555f0a (webtiles) character file.

Game seed: 15072960109136195607

963 SacredBeard the Grave Robber (level 7, -7/46 (51) HPs)
             Began as a Demonspawn Necromancer on Nov 16, 2023.
             Mangled by a wight
             ... wielding a +5 dire flail
              (9 damage)
             ... on level 5 of the Dungeon.
             The game lasted 00:17:32 (6304 turns).

SacredBeard the Grave Robber (DsNe)                 Turns: 6304, Time: 00:17:33

HP:   -7/46 (51)    AC:  7    Str:  8    XL:     7   Next: 92%
MP:   0/14          EV: 11    Int: 18    God:
Gold: 338           SH:  0    Dex: 14    Spells: 14/15 levels left

rFire   . . .        p - +0 dagger
rCold   . . .        (no shield)
rNeg    . . .        n - +0 leather armour
rPois   .            A - +0 helmet
rElec   .            (no cloak)
rCorr   .            (no gloves)
SInv    .            F - +2 pair of boots
Will    .....        v - amulet of guardian spirit
Stlth   ++           (no ring)
HPRegen 0.27/turn    (no ring)
MPRegen 0.14/turn

%: guardian spirit
@: drained
A: foul stench 1, demonic magic 2, demonic touch 1
a: no special abilities


You were on level 5 of the Dungeon.
You visited 2 branches of the dungeon, and saw 7 of its levels.

You collected 338 gold pieces.

Inventory:

Hand Weapons
 p - a +0 dagger (weapon)
 x - a +0 spear
Missiles
 c - 58 stones
 d - 12 poisoned darts
 l - 7 boomerangs
 D - a throwing net
Armour
 n - a +0 leather armour (worn)
 A - a +0 helmet (worn)
 F - a +2 pair of boots (worn)
Jewellery
 v - an amulet of guardian spirit (around neck)
Wands
 j - a wand of flame (5)
 B - a wand of digging (6)
Scrolls
 e - 3 scrolls of magic mapping {unknown}
 f - a scroll of enchant armour {unknown}
 i - a scroll of amnesia {unknown}
 k - 2 scrolls of immolation {unknown}
 o - a scroll of enchant weapon {unknown}
 q - a scroll of poison {unknown}
 s - 6 scrolls of identify {unknown}
 t - a scroll of acquirement {unknown}
 u - a scroll of blinking {unknown}
 y - a scroll of fog {unknown}
 C - 2 scrolls of teleportation {unknown}
 G - a scroll of noise {unknown}
Potions
 a - a potion of heal wounds {unknown}
 b - a potion of magic
 g - 2 potions of resistance {unknown}
 h - 5 potions of curing {unknown}
 m - 2 potions of lignification {unknown}
 r - a potion of degeneration {unknown}
 w - a potion of berserk rage {unknown}
 z - a potion of might {unknown}
 E - a potion of mutation {unknown}


   Skills:
 + Level 2.8 Fighting
 - Level 2.0 Throwing
 - Level 2.0 Armour
 - Level 2.0 Dodging
 - Level 3.0 Stealth
 * Level 0.9 Unarmed Combat
 * Level 4.6 Spellcasting
 * Level 6.7 Necromancy
 + Level 2.3 Evocations


You had 14 spell levels left.
You knew the following spells:

 Your Spells              Type           Power      Damage    Failure   Level
a - Necrotise             Necr           100%       1d9       1%          1

Your spell library contained the following spells:

 Spells                   Type           Power      Damage    Failure   Level
 Vampiric Draining        Necr           28%        2d8       3%          3
 Animate Dead             Necr           28%        N/A       12%         4
 Agony                    Necr           28%        N/A       32%         5
 Portal Projectile        Hex/Tloc       8%         N/A       52%         3
 Tukima's Dance           Hex            4%         N/A       52%         3
 Blade Hands              Tmut           2%         N/A       99%         5
 Irradiate                Conj/Tmut      2%         3d12      99%         5
 Dragon Form              Tmut           2%         N/A       100%        7


Dungeon Overview and Level Annotations

Branches:
Dungeon (6/15) Zot: 26548  Temple (1/1) D:5 Zot: 5925

Altars:
Ashenzari
Cheibriados
Gozag
Hepliaklqana
Kikubaaqudgha
Nemelex Xobeh
Okawaru
Ru
Sif Muna
Trog
Uskayaw
Vehumet
Yredelemnul

Shops:
D:3 (   D:4 (

Annotations:
D:4 1 runed translucent door, vytenis3d's ghost, amateur DECj


Innate Abilities, Weirdness & Mutations

You may rarely emit foul miasma when damaged in melee.
Spells you cast may paralyse nearby enemies.
Your touch may inflict minor irresistible damage on your foes.


Message History

The orc wizard gestures at you while chanting.
You are more confused.
The wight barely misses you.
The wight hits you with a +5 dire flail!
You climb upwards.
There is a stone staircase leading down here.
You are too confused!
Unknown command.
You bump into the rock wall.
The orc wizard hits you with a +0 dagger.
The wight hits you with a +5 dire flail.
You feel drained. The wight misses you. The wight barely misses you.
The wight attacks as you move away!
The wight hits you with a +5 dire flail.
You feel drained. The wight attacks as you move away!
The wight hits you with a +3 scimitar.
You feel drained.
The orc wizard points at you and mumbles some strange words.
The puff of flame hits you. The wight barely misses you.
The wight attacks as you move away! The wight closely misses you.
The wight attacks as you move away!
The wight hits you with a +5 dire flail!
* * * LOW HITPOINT WARNING * * *
The wight attacks as you move away! The wight barely misses you.
The wight barely misses you. The wight hits you with a +3 scimitar.
You see here a +0 helmet.
The wight attacks as you move away! The wight barely misses you.
The wight attacks as you move away! The wight hits you but does no damage.
The wight completely misses you.
The orc wizard attacks as you move away!
The orc wizard barely misses you. The wight attacks as you move away!
The wight hits you with a +5 dire flail!
* * * LOW HITPOINT WARNING * * *
You are too confused!
There are monsters nearby!
You feel less confused.
The orc wizard hits you with a +0 dagger.
* * * LOW HITPOINT WARNING * * *
The wight hits you with a +5 dire flail!
You die...

##...##.....))..[.......#
#######...##[..##>..##.##
.....############...####
......# #.....# ......#
#.....# .....<# #.[...#
##...## #zz...# ##...##
#oz..## .#....# #@####
.#....# ### .#....#
.#....# .#....# .#....#
.#....# ####'#####
###..##..##


You could see 3 wights and an orc wizard.

Vanquished Creatures
  Edmund (D:5)
  4 scorpions
  3 hounds
  An orc priest (D:3)
  A gnoll bouda (D:5)
  A sleepcap (D:5)
  2 iguanas (D:5)
  6 adders
  15 gnolls
  A white imp (D:5)
  3 worms
  2 dart slugs
  4 orcs
  3 endoplasms
  7 giant cockroaches
  10 goblins
  6 hobgoblins
  11 jackals
  5 kobolds
  7 quokkas
  7 ball pythons
  3 bats
  3 frilled lizards
  7 rats
113 creatures vanquished.

Vanquished Creatures (collateral kills)
  2 gnolls (D:5)
  An orc (D:3)
  A goblin (D:2)
  A hobgoblin (D:4)
  A ball python (D:1)
6 creatures vanquished.

Vanquished Creatures (others)
  A scorpion (D:4)
1 creature vanquished.

Grand Total: 120 creatures vanquished

Notes
Turn   | Place    | Note
-------+----------+-------------------------------------------
     0 | D:1      | SacredBeard the Demonspawn Necromancer began the quest for
                  | the Orb.
     0 | D:1      | Reached XP level 1. HP: 13/13 MP: 3/3
    40 | D:1      | Found a faded altar of an unknown god.
   317 | D:1      | Gained mutation: You may rarely emit foul miasma when
                  | damaged in melee. [demonic ancestry]
   317 | D:1      | Reached XP level 2. HP: 19/19 MP: 0/5
   796 | D:2      | Reached XP level 3. HP: 6/25 MP: 0/6
  1490 | D:2      | Gained mutation: Spells you cast may paralyse adjacent
                  | enemies. [demonic ancestry]
  1490 | D:2      | Reached XP level 4. HP: 31/31 MP: 3/7
  1823 | D:2      | Reached skill level 1 in Armour
  1891 | D:2      | Reached skill level 5 in Necromancy
  2028 | D:3      | Reached skill level 1 in Fighting
  2125 | D:3      | Found Orhoc's Weapon Shoppe.
  2324 | D:3      | Reached skill level 1 in Throwing
  2550 | D:4      | Reached XP level 5. HP: 37/37 MP: 4/9
  2598 | D:4      | Found Tugus's Antique Weapon Shoppe.
  2916 | D:4      | Noticed vytenis3d's ghost (amateur DECj)
  2976 | D:4      | Found a shimmering blue altar of Sif Muna.
  3356 | D:4      | Gained mutation: Spells you cast may paralyse nearby
                  | enemies. [demonic ancestry]
  3356 | D:4      | Reached XP level 6. HP: 39/43 MP: 1/11
  3463 | D:4      | Found a runed translucent door.
  3901 | D:3      | Reached skill level 1 in Evocations
  4691 | D:5      | Entered Level 5 of the Dungeon
  4777 | D:5      | Gained mutation: Your touch may inflict minor irresistible
                  | damage on your foes. [demonic ancestry]
  4777 | D:5      | Reached XP level 7. HP: 50/50 MP: 5/12
  4846 | D:5      | Reached skill level 6 in Necromancy
  5154 | D:5      | Found a bloodstained altar of Trog.
  5154 | D:5      | Found a basalt altar of Yredelemnul.
  5270 | D:5      | Found a staircase to the Ecumenical Temple.
  5383 | D:5      | Found an iron altar of Okawaru.
  5402 | Temple   | Entered the Ecumenical Temple
  5490 | D:5      | Found a sacrificial altar of Ru.
  5832 | D:5      | Found an ancient bone altar of Kikubaaqudgha.
  5840 | D:5      | Noticed a steam dragon
  5925 | D:5      | Noticed Edmund
  5943 | D:5      | HP: 1/51 [Edmund/+4 flail of protection (4)]
  5945 | D:5      | Killed Edmund
  6304 | D:5      | HP: 2/46 [orc wizard/+0 dagger (2)]
  6304 | D:5      | Mangled by a wight

Illustrated notes

Levels and vault maps discovered:
D:1:      dpeg_arrival_stone_temple_mockup, layout_rooms,
          basic_ecumenical_altar, minmay_shallow_snake_nest
D:2:      kennysheep_six_static_rooms, layout_basic,
          hangedman_abyss_or_decor_stabs, minivault_14, moated_statue,
          kennysheep_generic_room_8
D:3:      layout_loops_ring, zin_statuary, serial_shops, nicolae_shop_peninsula
D:4:      layout_rooms, general_overflow_altar, hellmonk_ghost_happy_afterlife,
          serial_shops, shop, lemuel_flame_loot_1
D:5:      layout_gridville, kennysheep_mini, mainiacjoe_overflow_alcove_1,
          lemuel_tele_altar, jmf_multi_god_temple, minmay_temple_entry_statues,
          uniq_edmund
D:6:      layout_basic, grunt_qazlal_sundering
Temple:   nicolae_temple_colour_theory

Skill      XL: |  1  2  3  4  5  6  7 |
---------------+----------------------+-----
Stealth        | 2 3 |  3.0
Dodging        | 2 |  2.0
Armour         | 1 2 |  2.0
Necromancy     | 5 6 |  6.7
Fighting       | 1 2 |  2.8
Throwing       | 1 2 |  2.0
Spellcasting   | 3 4 |  4.6
Evocations     | 1 2 |  2.3
Unarmed Combat | |  0.9

Action                     |  1- 3 |  4- 6 |  7- 9 || total
---------------------------+-------+-------+-------++-------
  Melee: Hand axe          |     3 |       |       ||     3
         Short sword       |     7 |       |       ||     7
         Dagger            |     2 |       |    15 ||    17
         Spear             |       |    14 |       ||    14
         Touch             |       |       |     3 ||     3
  Throw: Stone             |       |     3 |       ||     3
   Cast: Necrotise         |    65 |   144 |    78 ||   287
   Stab: Paralysed         |       |     3 |     3 ||     6
 Armour: Robe              |     2 |       |       ||     2
         Leather armour    |     7 |    10 |    11 ||    28
  Dodge: Dodged            |    14 |    20 |    24 ||    58
